Map: NeoHumanity LE

Players

Sneakysquid

  • Race: Terran Terran
  • League: Gold
  • Spawn Location: 11:00

MattBarry - Winner!

  • Race: Zerg Zerg
  • League: Gold
  • Spawn Location: 5:00

VOD

Have the link to the VOD?

Description

Time

  • Played on: Feb. 11, 2023, 12:53 a.m.
  • Length: 24:52
Show
View Real Time Build Order
Export as new Build Order

Sneakysquid Terran 

Build Orders: Reaper Expand 

Get SALT Encoding   

  12  0:00  SCV  
  13  0:15  SCV  
  13  0:17  Supply Depot  
  14  0:27  SCV  
  15  0:39  SCV  
  16  0:44  Barracks  
  16  0:48  Refinery  
  16  0:51  SCV  
  17  1:03  SCV  
  18  1:18  SCV  
  19  1:36  Reaper  
  20  1:43  Command Center  
  19  1:49  Orbital Command  
  19  2:15  Barracks Reactor  
  19  2:22  Supply Depot  
  19  2:28  Barracks  
  19  2:30  Barracks  
  19  2:33  Refinery  
  19  2:34  SCV  
  20  2:46  SCV  
  21  2:52  Marine  
  21  2:53  Marine  
  23  3:03  SCV  
  25  3:06  Orbital Command  
  24  3:15  SCV  
  24  3:17  Barracks Tech Lab  
  24  3:18  Barracks Tech Lab  
  26  3:27  SCV  
  26  3:39  SCV  
  27  3:46  Combat Shield  
  27  3:47  Stimpack  
  26  3:51  SCV  
  27  3:55  SCV  
  27  3:57  Marine x2  
  27  4:01  Marine x2  
  32  4:03  SCV  
  32  4:04  Refinery  
  32  4:08  SCV  
  34  4:12  Supply Depot  
  34  4:15  Marine x2, SCV  
  37  4:31  Factory  
  37  4:37  Engineering Bay  
  37  4:40  SCV  
  37  4:41  SCV  
  43  4:45  Marauder x2  
  43  4:46  Marine x2  
  45  4:53  SCV x2  
  45  4:56  Engineering Bay  
  45  4:58  Engineering Bay  
  47  5:03  Marine  
  47  5:04  Marine  
  47  5:05  Supply Depot, SCV x2  
  51  5:17  SCV x2  
  53  5:29  SCV x2  
  53  5:32  Supply Depot  
  53  5:34  Refinery  
  55  5:36  Factory Reactor  
  55  5:37  Starport  
  55  5:42  Marine x4  
  57  5:44  Concussive Shells  
  57  5:46  SCV  
  57  5:47  SCV  
  61  5:51  Supply Depot  
  61  5:59  SCV x2  
  61  6:01  Marine x3  
  61  6:03  Marauder  
  68  6:11  SCV x2  
  70  6:14  Supply Depot  
  70  6:19  Marine  
  70  6:23  SCV x2  
  70  6:25  Marine x3, Command Center  
  75  6:26  Factory Tech Lab  
  76  6:36  Medivac x2  
  76  6:38  Supply Depot  
  80  6:48  Factory  
  80  6:57  Command Center  
  80  7:06  Viking, Liberator  
  84  7:16  Siege Tank  
  87  7:28  Barracks  
  87  7:36  Barracks, Medivac  
  89  7:39  Barracks, Orbital Command  
  89  7:48  Siege Tank  
  92  8:18  Marine x4  
  96  8:23  Barracks Tech Lab, Orbital Command  
  96  8:24  Barracks Reactor  
  96  8:25  Barracks Reactor  
  96  8:30  Refinery x2  
  96  8:36  Marine x3  
  99  8:42  Engineering Bay  
  99  8:54  SCV x3  
  102  8:58  Marine  
  102  8:59  Marine x2  
  102  9:00  Marauder x2  
  109  9:07  Supply Depot  
  109  9:09  Supply Depot, Engineering Bay  
  109  9:11  Supply Depot  
  109  9:29  Viking, Medivac  
  113  9:33  Supply Depot  
  113  9:36  Siege Tank  
  113  9:37  Supply Depot, Factory Tech Lab  
  115  9:56  Marine x3  
  115  9:57  Marine, Marauder x2  
  123  10:00  Supply Depot  
  123  10:02  Supply Depot  
  123  10:04  Terran Infantry Weapons Level 1  
  123  10:05  Supply Depot x2  
  123  10:08  Siege Tank  
  123  10:13  Armory  
  126  10:22  Supply Depot  
  126  10:23  Siege Tank  
  126  10:25  Command Center  
  126  10:26  Marine  
  126  10:27  Marine  
  126  10:28  Marauder x2  
  135  10:34  Engineering Bay  
  135  10:40  Siege Tank  
  138  10:44  Supply Depot  
  138  10:48  Supply Depot  
  138  10:49  SCV x2  
  141  10:50  SCV  
  141  10:56  Siege Tank  
  144  11:01  SCV  
  144  11:02  SCV x2  
  147  11:13  SCV  
  117  11:28  Marine x9  
  97  11:45  Marine  
  97  11:46  Marine x8, Siege Tank x2  
  96  11:48  Medivac  
  89  12:03  Marine x2  
  89  12:04  Marine x7  
  97  12:13  SCV x4  
  101  12:21  Terran Infantry Armor Level 1, Marine x8  
  101  12:22  Marine  
  110  12:23  Neosteel Armor  
  110  12:24  Terran Infantry Weapons Level 2  
  110  12:25  SCV  
  110  12:28  Terran Vehicle Weapons Level 1  
  111  12:34  Orbital Command  
  111  12:39  Marine x9  
  120  12:51  Barracks  
  120  12:57  Marine x7  
  127  13:00  Command Center  
  127  13:07  Command Center  
  127  13:09  Refinery  
  127  13:10  Refinery  
  127  13:23  Marine x9  
  127  13:25  Liberator, Medivac  
  127  13:26  Siege Tank  
  144  13:30  Widow Mine  
  146  13:39  Barracks  
  146  13:40  Marine  
  146  13:41  Marine x4, Marauder  
  153  13:51  Thor  
  157  13:58  Hellbat  
  132  14:22  Terran Vehicle And Ship Armor Level 1  
  131  14:28  Siege Tank  
  134  14:34  Siege Tank  
  123  14:59  Liberator x2  
  129  15:00  Siege Tank  
  129  15:06  Siege Tank  
  135  15:14  Planetary Fortress  
  134  15:32  Siege Tank  
  134  15:33  Orbital Command  
  137  15:38  Siege Tank  
  137  15:39  Marine x9  
  137  15:42  Liberator x2  
  155  15:47  Terran Infantry Weapons Level 3  
  155  15:57  Marine x4, Marauder  
  156  16:04  Siege Tank  
  137  16:16  Terran Vehicle Weapons Level 2  
  137  16:25  Liberator x2  
  140  16:27  Orbital Command  
  140  16:28  Siege Tank  
  143  16:36  Siege Tank  
  146  16:56  SCV  
  146  16:57  SCV  
  146  17:00  Siege Tank  
  151  17:05  Marine x2  
  151  17:06  Marauder x2  
  151  17:07  Liberator  
  151  17:08  Liberator, Siege Tank  
  163  17:13  Marine, Marauder  
  163  17:14  Marine  
  163  17:15  Marine  
  171  17:27  Marauder x2  
  175  17:32  Siege Tank  
  178  17:40  Siege Tank  
  181  17:50  Liberator  
  181  17:51  Liberator  
  187  17:57  Marine x2  
  193  17:58  Marauder x2  
  193  18:04  Siege Tank  
  196  18:13  Siege Tank  
  199  18:29  Marine  
  199  18:31  Terran Vehicle And Ship Armor Level 2  
  197  19:12  Marine, Marauder  
  197  19:14  Terran Infantry Armor Level 2  
  145  20:37  Marine x3  
  145  20:38  Marine x6  
  150  20:47  Terran Vehicle Weapons Level 3  
  142  20:55  Marine x5  
  142  20:56  Marauder x3  
  142  21:16  Marine x3  
  142  21:17  Marine x3, Marauder x3  
  154  21:21  Viking, Liberator  
  159  21:34  Marine x2  
  159  21:39  Starport, Marauder x3  
  167  21:40  Starport  
  167  21:41  Fusion Core  
  167  21:51  Liberator  
  167  21:52  Marine  
  167  21:53  Marine x5  
  176  22:00  Marauder x3  
  176  22:01  Unknown  
  182  22:04  Liberator  
  185  22:10  Marine x3  
  185  22:17  Starport  
  185  22:22  Marauder x3  
  160  22:34  Liberator  
  115  22:47  Liberator  
  103  23:04  Marine  
  103  23:05  Marine x8  
  100  23:07  Starport Tech Lab x3  
  77  23:17  Liberator  
  69  23:22  Marine  
  69  23:23  Marine  
  71  23:30  Liberator  
  64  23:46  Marine  
  64  23:47  Marine x8  
  40  24:04  Marine x5  
  40  24:05  Marine x3  
  48  24:13  Marine  
  43  24:22  Marine x7  
  41  24:34  Marine  
Show
View Real Time Build Order
Export as new Build Order

MattBarry Zerg - Winner!

Build Orders: Hatch First, Lurkers 

Get SALT Encoding   

  12  0:00  Drone  
  13  0:12  Overlord  
  13  0:18  Drone  
  14  0:31  Drone x2  
  16  0:42  Drone  
  17  0:56  Hatchery  
  16  1:01  Drone x2  
  18  1:05  Extractor  
  17  1:17  Spawning Pool  
  16  1:23  Drone  
  16  1:24  Drone  
  18  1:29  Drone  
  19  1:44  Drone  
  20  1:51  Drone  
  21  2:00  Overlord  
  21  2:08  Queen, Extractor  
  21  2:09  Queen  
  21  2:14  Metabolic Boost  
  25  2:20  Drone  
  26  2:24  Drone  
  26  2:25  Drone  
  28  2:35  Drone x2  
  28  2:36  Drone  
  31  2:42  Baneling Nest  
  30  2:47  Evolution Chamber  
  30  3:03  Evolution Chamber  
  30  3:05  Queen  
  31  3:06  Drone x5  
  36  3:26  Overlord  
  36  3:28  Extractor  
  36  3:30  Zergling x4, Evolution Chamber  
  37  3:45  Overlord  
  37  3:52  Evolution Chamber  
  36  3:56  Zerg Ground Armor Level 1  
  36  4:01  Drone, Extractor  
  36  4:02  Queen, Extractor  
  37  4:19  Hatchery  
  37  4:23  Spine Crawler  
  35  4:41  Spine Crawler, Drone x8  
  35  4:42  Drone x2  
  44  4:46  Lair  
  44  4:49  Overlord  
  44  4:55  Zerg Melee Weapons Level 1  
  44  5:07  Queen  
  44  5:08  Drone x6  
  44  5:09  Overlord  
  50  5:19  Drone x2  
  52  5:37  Queen  
  54  5:43  Pneumatized Carapace  
  54  5:53  Zergling x12  
  54  5:54  Zergling x12  
  66  6:00  Centrifugal Hooks  
  66  6:12  Roach Warren  
  66  6:13  Zergling x2  
  66  6:15  Overlord x2  
  66  6:16  Overlord x2  
  66  6:18  Baneling x3  
  66  6:19  Baneling x6  
  66  6:20  Baneling  
  66  6:35  Spore Crawler x2  
  64  6:42  Zergling x2  
  64  6:43  Zergling x16  
  73  6:49  Spore Crawler  
  72  7:14  Drone x6  
  72  7:15  Drone x7  
  85  7:38  Drone x2  
  85  7:39  Drone x3, Overlord  
  85  7:40  Overlord  
  85  7:41  Roach x4  
  98  8:10  Hatchery  
  98  8:12  Overlord x3  
  97  8:18  Glial Reconstitution, Hydralisk Den  
  96  8:23  Drone  
  96  8:24  Infestation Pit, Drone x3  
  96  8:25  Roach  
  96  8:26  Roach x4  
  109  8:29  Ravager x2  
  109  8:30  Ravager x2  
  113  9:20  Hive  
  113  9:22  Roach x3, Overlord  
  113  9:23  Roach, Overlord x4  
  121  9:24  Roach x2  
  121  9:25  Roach x6  
  137  9:46  Extractor  
  137  9:47  Extractor  
  137  9:48  Extractor  
  137  9:49  Extractor  
  130  9:53  Hydralisk x21  
  172  10:03  Lurker Den  
  171  10:18  Ravager x2  
  173  10:37  Hydralisk x5  
  173  10:40  Overlord x3  
  183  10:50  Hatchery  
  183  11:11  Drone x15  
  183  11:12  Drone x2  
  116  11:41  Hydralisk x14  
  108  12:12  Lurker x11  
  108  12:13  Lurker  
  121  12:15  Zergling x16  
  121  12:16  Zergling x14  
  121  12:21  Seismic Spines  
  135  12:34  Drone x12  
  147  12:38  Extractor  
  147  12:39  Extractor  
  145  12:54  Roach x6  
  145  12:55  Roach x4  
  165  13:14  Roach x12  
  165  13:15  Roach  
  191  13:21  Adrenal Glands  
  191  13:23  Adaptive Talons  
  191  13:29  Grooved Spines  
  191  13:32  Zerg Missile Weapons Level 1  
  191  13:36  Zerg Melee Weapons Level 2  
  191  13:41  Ravager x5  
  183  14:31  Hydralisk x9  
  165  15:01  Hydralisk  
  165  15:02  Hydralisk x18  
  150  16:08  Roach x21  
  150  16:09  Roach x11  
  194  16:45  Lurker  
  194  16:46  Lurker  
  196  16:47  Lurker  
  196  16:49  Lurker x2  
  196  16:50  Lurker  
  200  17:06  Hatchery  
  199  17:14  Spire  
  198  17:19  Zerg Missile Weapons Level 2  
  198  17:24  Hatchery  
  198  17:26  Ravager x3  
  179  18:12  Hatchery  
  178  18:18  Hydralisk  
  178  18:19  Hydralisk x7  
  190  18:20  Hydralisk x2, Hatchery  
  190  18:27  Greater Spire  
  197  18:36  Queen  
  194  18:57  Lurker x5  
  194  18:58  Lurker  
  131  20:14  Hydralisk x4  
  131  20:15  Hydralisk x21  
  159  20:25  Hydralisk  
  159  20:26  Hydralisk x21  
  200  20:29  Queen  
  200  20:30  Queen x3  
  185  20:52  Muscular Augments  
  185  21:02  Lurker x17  
  197  21:43  Extractor  
  197  21:44  Extractor  
  195  21:48  Zergling x10  
  179  22:24  Zergling x2  
  179  22:25  Zergling x40  
  195  22:36  Zergling x2  
  186  22:37  Zergling x4  
  186  22:38  Zergling x24  
  167  23:00  Hydralisk x2  
  158  23:14  Hydralisk  
  158  23:15  Hydralisk x20  
  196  23:20  Corruptor x2  
  189  23:48  Hydralisk x5  
  190  24:01  Hydralisk x12  
  190  24:18  Corruptor x6  
Tags
 
Composition
Lurkers
League
GoldGold
Matchup
TvZ
Replay Pack
Multiplayer
Spawn Locations
Cross Positions
Add a new tag
Caveats
  • Supply blocks, unpowered buildings, or Contaminate may cause inaccurate times.
  • Supply counts are checked every 10 seconds.